[Event "*** SCC Grand Prix: Titled Tuesday Blitz"]
[Site "Chess.com"]
[Date "2020.06.09"]
[Round "6"]
[White "Chess_Boxer123"]
[Black "NateSolon"]
[Result "0-1"]
[WhiteElo "2709"]
[BlackElo "2533"]
[TimeControl "180+1"]
[EndTime "10:08:55 PDT"]
[Termination "NateSolon won by resignation"]

1. e4 c5 2. Nf3 e6 3. g3 Nc6 4. Bg2 Nf6 5. Nc3 d5 6. exd5 exd5 7. d4 cxd4 8. Nxd4 Bb4 9. O-O O-O 10. Nce2 h6 11. a3 Bc5 12. b4 Bb6 13. h3 a5 14. b5 Ne5 15. a4 Re8 16. c3 Bd7 17. Bf4 Rc8 18. Rc1 Qe7 19. Re1 Qa3 20. Qc2 Nc4 21. Ra1 Qc5 22. Kh2 Ne4 23. Bxe4 dxe4 24. Rac1 Qh5 25. Ng1 Bxd4 26. cxd4 e3 27. f3 Nd2 28.
Qd1 Rxc1 29. Qxc1 Nxf3+ 30. Nxf3 Qxf3 31. Qc2 Rc8 32. Qg2 Qxg2+ 33. Kxg2 Rc2+ 34. Kf3 Bxh3 35. Kxe3 Be6 36. Ke4 Ra2 37. d5 Rxa4+ 38. Ke5 Bd7 39. b6 Rb4 40. Kd6 Bf5 41. Kc7 a4 42. d6 Rc4+ 43. Kxb7 a3 44. Re8+ Kh7 45. Re2 Bb1 46. d7 Rd4 47. Kc7 a2 48. Rxa2 Bxa2 49. d8=Q Rxd8 50.
Kxd8 Bd5 51. Ke7 g5 52. Be5 Kg6 53. Kd6 Bg2 54. Kc5 f6 55. Bc7 h5 56. Kd4 h4 57. gxh4 gxh4 58. Ke3 Kf5 59. Kf2 Bb7 60. Kg1 Kg4 61. Kh2 f5 62. Kg1 f4 63. Kf2 Bc6 64. Kg1 Kg3 65. Bd6 h3 66. Bxf4+ Kxf4 67. b7 Bxb7 68. Kh2 Bc8 69. Kg1 Kg3 70. Kh1 Bb7+ 71. Kg1 h2+ 72. Kf1 h1=Q+ 73. Ke2 Qf3+ 74. Kd2 Kf4 75. Kc2 Qe3 76. Kb2 Ke4 77. Ka1 Kd4 78. Kb2 Qd2+ 79. Ka1 Kc3 0-1

[Event "*** SCC Grand Prix: Titled Tuesday Blitz"]
[Site "Chess.com"]
[Date "2020.06.09"]
[Round "6"]
[White "rubhani"]
[Black "Paralinch"]
[Result "0-1"]
[WhiteElo "2553"]
[BlackElo "2851"]
[TimeControl "180+1"]
[EndTime "10:09:05 PDT"]
[Termination "Paralinch won by resignation"]

1. e4 c6 2. d4 d5 3. e5 Bf5 4. Nf3 e6 5. Be2 c5 6. Be3 Qb6 7. Nc3 Nc6 8. O-O Qxb2 9. Qe1 cxd4 10. Bxd4 Nxd4 11. Nxd4 Bb4 12. Ndb5 Ba5 13. Rb1 Qxc2 14. Rc1 Qb2 15. g4 Bg6 16. f4 Be4 17. Nd6+ Kf8 18.
Ndxe4 dxe4 19. f5 exf5 20. Rxf5 Nh6 21. Rf2 Bb6 22. Rb1 Qa3 23. Rxb6 axb6 24. g5 Rc8 25.
gxh6 Qxc3 26. Qf1 Qe3 27. hxg7+ Kxg7 28. Kh1 Rc7 29. Rg2+ Kf8 30. Qf6 Rc1+ 31. Bf1 Rxf1+ 32. Qxf1 Qf3 33. Qc4 e3 34. Qc8+ Ke7 35. Qxh8 Qf1+ 36. Rg1 Qf3+ 37. Rg2 Qd1+ 38. Rg1 Qd5+ 39. Rg2 e2 40.
Qf6+ Kd7 41. Qf2 Qd1+ 42. Rg1 Ke6 43. Re1 Qd5+ 44. Qg2 Qc4 45. Qxe2 Qh4 46. Rf1 Ke7 47. Qf2 Qe4+ 48. Qf3 Qc4 49. Qf6+ Ke8 50. Rd1 Qe4+ 51. Kg1 Qg4+ 52. Kf2 Qxd1 53. Qh8+ Kd7 54. Qxh7 Qd2+ 55. Kg3 Qg5+ 56. Kf2 Qf4+ 57. Kg2 Qg4+ 58. Kf2 Qf4+ 59. Kg2 Ke6 60. Qh8 Qg4+ 61. Kf2 Qf4+ 62. Kg2 Qd2+ 63. Kf3 Qd3+ 64. Kf4 Qd4+ 65. Kf3 Qc3+ 66. Kf4 Qd2+ 67. Kf3 Qd1+ 68. Kf4 Qf1+ 69. Ke4 Qf5+ 70. Kd4 Qf4+ 71. Kd3 Qf3+ 72. Kd4 Qd5+ 73. Ke3 Qc5+ 74. Kf4 Qf2+ 75. Ke4 Qf5+ 76. Kd4 Qg4+ 77. Kd3 Kd5 78. Qf6 Qh3+ 79. Kc2 Qxh2+ 80. Kb3 Qh3+ 81. Kb4 Qe6 82. Qf4 Qe7+ 83. Kb5 Qc5+ 84. Ka4 b5+ 85. Kb3 Qc4+ 86. Qxc4+ bxc4+ 87. Kc3 Kxe5 88. Kxc4 Ke4 89. a4 f5 90. a5 f4 91.
Kb5 f3 92. Kb6 f2 93. Kxb7 f1=Q 94. a6 Qb5+ 0-1

[Event "*** SCC Grand Prix: Titled Tuesday Blitz"]
[Site "Chess.com"]
[Date "2020.06.09"]
[Round "6"]
[White "Arjun2002"]
[Black "XiaoKangZhong"]
[Result "1-0"]
[WhiteElo "2648"]
[BlackElo "2388"]
[TimeControl "180+1"]
[EndTime "10:09:07 PDT"]
[Termination "Arjun2002 won by resignation"]

1. e4 c6 2. Nf3 d5 3. Nc3 dxe4 4.
Nxe4 Nf6 5. Qe2 Nxe4 6. Qxe4 Qd5 7. Qh4 Qe6+ 8. Be2 Qg4 9. Qg3 Qxg3 10. hxg3 g6 11. d4 Nd7 12. c3 Nf6 13. Ne5 Bg7 14. Bh6 O-O 15. O-O-O Bxh6+ 16. Rxh6 Kg7 17. Rh4 Be6 18. b3 h5 19. f3 Rac8 20. Kb2 c5 21.
dxc5 Rxc5 22. Nd3 Rg5 23. Bf1 Rxg3 24. Nc5 Bf5 25. Nxb7 g5 26. Ra4 h4 27. Rxa7 h3 28. gxh3 Rxf3 29. Ra5 Rf2+ 30. Ka3 Bc2 31. Rc1 Ne4 32. Kb4 Rb8 33. Rb5 Ng3 34. Bc4 Be4 35.
Rxg5+ Kh6 36. Rxg3 Rxb7+ 37. Bb5 Rxa2 38. c4 Rf2 39. Re1 Bc6 40. Re5 f6 41. Rc5 Bd7 42. Kc3 Bxb5 43. Rxb5 Rxb5 44. cxb5 Rf5 45. Kc4 e5 46. b6 Rf4+ 47. Kc5 Rd4 48. b7 Rd8 49. Kc6 f5 50. Kc7 Rf8 51. b8=Q Rxb8 52. Kxb8 f4 53. Rf3 Kg5 54. b4 e4 55. Rf1 f3 56. b5 Kf4 57. b6 e3 58. Ka7 e2 59. Rb1 f2 60.
b7 e1=Q 61. b8=Q+ Kf3 62. Rb3+ Kg2 63. Qg3+ Kf1 64. Qd3+ Kg1 65. Qg3+ Kf1 66. h4 Qe7+ 67. Ka6 Qe6+ 68. Ka5 Qd5+ 69. Ka4 Qc4+ 70. Ka3 Qa6+ 71. Kb2 Qe2+ 72. Ka1 Qa6+ 73. Kb1 Qe2 74. Qh3+ Ke1 75. Qc3+ Kf1 76. Qh3+ Ke1 77. Qc3+ Kf1 78. Qf3 Qe1+ 79. Kb2 Qd2+ 80. Ka3 Qa5+ 81. Kb2 Qd2+ 82. Ka1 Qa5+ 83. Kb1 Qe1+ 84. Kc2 Qe2+ 85. Qxe2+ Kxe2 86. Rb1 Kf3 87. h5 Kg2 88. h6 f1=N 89. Rxf1 Kxf1 90. h7 1-0

[Event "*** SCC Grand Prix: Titled Tuesday Blitz"]
[Site "Chess.com"]
[Date "2020.06.09"]
[Round "6"]
[White "FairChess_on_YouTube"]
[Black "Andreikka"]
[Result "0-1"]
[WhiteElo "3020"]
[BlackElo "2921"]
[TimeControl "180+1"]
[EndTime "10:09:16 PDT"]
[Termination "Andreikka won on time"]

1. e4 d5 2. exd5 Qxd5 3. Nc3 Qa5 4. d4 Nf6 5. Nf3 c6 6. Ne5 Be6 7. Be2 Nbd7 8. Nxd7 Bxd7 9. O-O g6 10. Bf3 Bg7 11. Re1 Be6 12. Rxe6 fxe6 13. Qe2 O-O 14. Qxe6+ Kh8 15. Be3 Qb4 16. Rb1 Qd6 17. Qb3 Qd7 18.
Rd1 e6 19. Ne4 Nd5 20. Bc1 Qe7 21.
g3 e5 22. c4 Qb4 23. Kg2 Qxb3 24. axb3 Nb4 25. d5 cxd5 26. cxd5 Nc2 27. d6 Nd4 28. Bg4 h6 29. Be3 Rad8 30. b4 Rf7 31. h4 Bf8 32. Bxd4 exd4 33. Rxd4 Bg7 34. Rd2 b6 35. Be6 Rff8 36. d7 Be5 37. f4 Bb8 38. b5 Kg7 39. Rd5 Rh8 40. Kh3 Kf8 41. g4 Bxf4 42.
g5 Ke7 43. Bg4 h5 44. Be2 Rxd7 45. Nf6 Rdd8 46. Bd3 Kf7 47. Bc4 Kg7 48. Kg2 Rxd5 49.
Nxd5 Be5 50. b3 Rf8 51. Ne7 Rf4 52. Bd3 Rxh4 53. Nxg6 Rg4+ 54. Kf3 Rxg5 55. Ne7 Kf6 56. Nd5+ Ke6 57. Bc4 Kd6 58. Nc3 Rg7 59. Ne4+ Ke7 60. Nf2 h4 61. Ng4 Bd4 62. Nh6 Kf6 63. Ng4+ Kg5 64.
Nh2 Re7 65. Kg2 Bc5 66. Nf3+ Kg4 67. Nh2+ Kh5 68. Bd5 Re2+ 69. Kh3 Re3+ 70. Nf3 Rd3 71. Bf7+ Kh6 72. Kg4 h3 73. Bc4 Re3 74. Kf4 Re7 75. Kg4 Bd6 76. Kxh3 Kh5 77. Nd4 Re3+ 78. Kg2 Be5 79. Nf5 Rc3 80. Ne7 Kg5 81. Nc6 Bd6 82.
Nxa7 Kf4 83. Nc6 Rc2+ 84. Kf1 Ke3 85. Nd8 Bg3 86. Nf7 Rd2 87. Kg1 Bf4 88. Nh8 Kf3 89.
Ng6 Rd1+ 0-1

[Event "*** SCC Grand Prix: Titled Tuesday Blitz"]
[Site "Chess.com"]
[Date "2020.06.09"]
[Round "6"]
[White "silverback96"]
[Black "djano"]
[Result "1/2-1/2"]
[WhiteElo "2201"]
[BlackElo "2403"]
[TimeControl "180+1"]
[EndTime "10:09:19 PDT"]
[Termination "Game drawn by stalemate"]

1. e4 g6 2. d4 Bg7 3. Nc3 d6 4. Nf3 a6 5. a4 b6 6. Bc4 Bb7 7. Bg5 h6 8. Be3 e6 9. Bd3 Nd7 10. Qd2 Ne7 11. h4 d5 12. e5 Nf5 13. Bxf5 gxf5 14. a5 c6 15. Na4 b5 16. Nc5 Bc8 17.
Rh3 Bf8 18. Rg3 Qe7 19. O-O-O Rb8 20. b4 Kd8 21. Bf4 Kc7 22. Ne1 Nxc5 23. dxc5 Qxh4 24. Nf3 Qd8 25. Nd4 Bd7 26. Rh1 h5 27. Rgh3 h4 28.
g3 Be7 29. gxh4 Rxh4 30. Rxh4 Bxh4 31. Nf3 Be7 32. Rh7 Qg8 33. Rh6 Qg2 34. Ng5 Rg8 35.
Nxf7 Qf1+ 36. Kb2 Rg1 37. Qc1 Qxf2 38. Be3 Rxc1 39. Bxf2 Rf1 40. Bd4 f4 41. Rh7 f3 42.
Nd6 Kd8 43. Rh8+ Kc7 44. Rh7 Bg5 45. Rf7 Bh4 46. Be3 f2 47. Bd4 Kd8 48. Rf8+ Ke7 49.
Rf7+ Kd8 50. Rf8+ Kc7 51. Rf7 Bg3 52. Kc3 Re1 53. Bxf2 Bxe5+ 54. Kb3 Rb1+ 55. Ka2 Rb2+ 56. Ka3 Rxc2 57. Bh4 Bxd6 58. cxd6+ Kxd6 59. Be7+ Ke5 60. Bf6+ Ke4 61. Rxd7 e5 62. Re7 Kf5 63. Bxe5 Re2 64. Bd6 Rc2 65. Bc5 Rc3+ 66. Kb2 Rc4 67. Re3 d4 68.
Rd3 Ke4 69. Rd1 d3 70. Re1+ Kf4 71. Rf1+ Ke4 72. Re1+ Kf4 73. Re3 Rc2+ 74. Kb3 Rxc5 75. Rxd3 Rc4 76. Rd6 Ke5 77. Rd8 Rc1 78. Ra8 Rb1+ 79.
Kc3 Kd5 80. Rxa6 Rc1+ 81. Kb3 Rg1 82. Ra8 Rg3+ 83. Kb2 Kc4 84. Rc8 Kxb4 85. Rxc6 Rg2+ 86.
Rc2 Rxc2+ 87. Kxc2 Kxa5 88. Kb3 b4 89. Kb2 Ka4 90.
Ka2 b3+ 91. Kb2 Kb4 92. Kb1 Ka3 93. Ka1 b2+ 94. Kb1 Kb3 1/2-1/2

[Event "*** SCC Grand Prix: Titled Tuesday Blitz"]
[Site "Chess.com"]
[Date "2020.06.09"]
[Round "6"]
[White "QuintilianoR"]
[Black "SantoBlue"]
[Result "1-0"]
[WhiteElo "2661"]
[BlackElo "2785"]
[TimeControl "180+1"]
[EndTime "10:09:23 PDT"]
[Termination "QuintilianoR won on time"]

1. d4 Nf6 2. c4 e6 3. Nf3 b6 4. g3 Bb7 5. Bg2 Be7 6. O-O O-O 7. Re1 Na6 8. Bf4 d6 9. a3 c5 10. dxc5 Nxc5 11. Nc3 Nce4 12. Nxe4 Bxe4 13. Qd2 Qc7 14. Rac1 a5 15. Red1 Rfd8 16. Ne1 Bxg2 17. Kxg2 a4 18. Nd3 Qb7+ 19. f3 d5 20. c5 bxc5 21.
Nxc5 Qb5 22. Nd3 h6 23. Be5 Nd7 24. Bd4 Nb6 25. Bxb6 Qxb6 26. Rc2 Bg5 27. Qb4 Qe3 28. Nc5 Be7 29. Qc3 Qxc3 30. Rxc3 Rdb8 31. Rd2 Rc8 32.
Nxa4 Rcb8 33. Nc5 Rc8 34. Rdc2 Bf6 35. Rd3 Bxb2 36. Rxb2 Rxc5 37. Kf2 Rca5 38. Rbb3 Ra4 39. Rdc3 g5 40. h3 R8a7 41. g4 Kg7 42. Kg3 Kg6 43.
h4 Kf6 44. hxg5+ hxg5 45. e3 Ra8 46. Rd3 Rh8 47. Rb4 Ra7 48. a4 Ra5 49. Ra3 Rha8 50. Kf2 Rc5 51. Rb2 Raa5 52. Ke2 Rc4 53. Rba2 Ke5 54. Kf2 f6 55. Kg3 Rb4 56. Kf2 Kd6 57. Kg2 f5 58. gxf5 exf5 59. Kg3 Ke5 60. Kf2 Rc4 61.
Kg3 Rh4 62. f4+ Kf6 63. Rb2 Rg4+ 64. Kf3 Ra6 65. a5 Rg1 66. fxg5+ Kxg5 67. Rg2+ Rxg2 68. Kxg2 Kf6 69. Kf3 Ke5 70. Ra4 Kd6 71. Kf4 Kc5 72.
Kxf5 Kb5 73. Ra1 Ra8 74. a6 Kb6 75. a7 Kb7 76. Ke6 Re8+ 77. Kd7 Ra8 78. Rb1+ Ka6 79. Kc6 Rc8+ 80. Kd7 Ra8 81. Ra1+ Kb7 82. Kd6 Rd8+ 83. Ke7 Ra8 84. Kd7 Kb6 85. Kd6 Rd8+ 86. Ke5 Ra8 87. Kxd5 Kb7 88. Kd6 Rc8 89. Kd7 Ka8 90. e4 Rc7+ 91.
Kd6 Rc6+ 92. Kd5 Rc2 93. e5 Rd2+ 94. Ke6 Re2 95. Kf6 Rf2+ 96. Ke7 Re2 97. e6 Rh2 98. Rd1 Kxa7 99. Kd7 Kb7 100. e7 1-0

[Event "*** SCC Grand Prix: Titled Tuesday Blitz"]
[Site "Chess.com"]
[Date "2020.06.09"]
[Round "6"]
[White "Vuk2000"]
[Black "kuban1991"]
[Result "0-1"]
[WhiteElo "2623"]
[BlackElo "2788"]
[TimeControl "180+1"]
[EndTime "10:09:40 PDT"]
[Termination "kuban1991 won by resignation"]

1. d4 g6 2. Nf3 Bg7 3. Bg5 Nf6 4. h3 O-O 5. e3 d5 6. c4 c5 7. Nc3 cxd4 8. exd4 Nc6 9. Bxf6 Bxf6 10.
cxd5 Nb4 11. Bc4 Bf5 12. O-O Rc8 13. Qe2 a6 14. a3 b5 15. Bxb5 axb5 16. axb4 Rc4 17.
Ne5 Rxb4 18. Nc6 Qd6 19. Nxb5 Rxb5 20. Qxb5 Kg7 21. Qc5 Qf4 22. Nxe7 Bxh3 23. gxh3 Qg5+ 24. Kh1 Bxe7 25. d6 Qh4 26. Ra3 Bf6 27. Qd5 Rd8 28. Rd3 Qf4 29. Qf3 Qxd6 30. Rfd1 Rc8 31. b3 Rc2 32. d5 Bh4 33. R1d2 Rc1+ 34. Kg2 Bf6 35. Qg3 Be5 36. Qf3 Qa3 37. Re2 Bd6 38. Red2 Qa1 39. Rd1 Rxd1 40. Rxd1 Qe5 41. Rd3 Qh2+ 42. Kf1 Qe5 43.
Qe3 Qa1+ 44. Kg2 Qf6 45. Qd4 Be5 46. Qg4 Qd6 47. b4 h5 48. Qc4 Qf6 49. Qe4 Qg5+ 50. Kf3 Qf6+ 51. Ke2 Qd6 52. b5 Bf6 53. Rb3 Qb6 54.
Qe3 Bd4 55. Qe4 Bf6 56. Qf4 Qa5 57. Qd2 Qa4 58. Qd3 Qa2+ 59. Kf3 Qa1 60. Kg2 Qe1 61.
b6 Qe5 62. b7 Qb8 63. Qg3 Be5 64. Qxe5+ Qxe5 65. b8=Q Qxd5+ 66. Kh2 Qe4 67. Qg3 Kh7 68. Qe3 Qd5 69. Qf4 Qxb3 70. Qg5 Qe6 71. Qf4 Qf5 72.
Qe3 Qf6 73. Qe4 Kg7 74. Kg2 Qe6 75. Qd4+ f6 76. Qa7+ Qf7 77. Qd4 Qe7 78. Kg1 Kf7 79. Qd5+ Qe6 80. Qb7+ Qe7 81. Qd5+ Kg7 82. Qc6 g5 83. Qf3 Kg6 84. Qd3+ f5 85. Qd5 Qf7 86. Qd6+ Qf6 87. Qd5 g4 88. Kg2 Qf7 89. Qd6+ Kg5 90.
Qd2+ f4 91. Qd8+ Kf5 92. Qc8+ Qe6 93. Qf8+ Ke4 94. Qb4+ Ke5 95. Qb5+ Qd5+ 96. Qxd5+ Kxd5 97. hxg4 hxg4 98. Kf1 Ke4 99. Ke2 Kd4 100. Kd2 Kc4 101. Kc2 g3 0-1

[Event "*** SCC Grand Prix: Titled Tuesday Blitz"]
[Site "Chess.com"]
[Date "2020.06.09"]
[Round "6"]
[White "Alexander_Moskalenko"]
[Black "Indianlad"]
[Result "1-0"]
[WhiteElo "2834"]
[BlackElo "2980"]
[TimeControl "180+1"]
[EndTime "10:10:13 PDT"]
[Termination "Alexander_Moskalenko won on time"]

1. e4 e5 2. Nf3 Nc6 3. Nc3 Bb4 4. Nd5 Ba5 5. c3 Nf6 6. Be2 Nxe4 7. a4 Bb6 8. O-O Nf6 9. Bc4 O-O 10. d4 Nxd5 11.
Bxd5 Ne7 12. dxe5 d6 13. exd6 Nxd5 14. Qxd5 Qxd6 15. Qxd6 cxd6 16. Re1 Bg4 17. Be3 Bxf3 18. gxf3 Rfe8 19. Bxb6 axb6 20. Rxe8+ Rxe8 21. Rd1 Re6 22. Rd5 Kf8 23. Rb5 Re7 24. Rxb6 Rd7 25. Kf1 Ke7 26. Ke2 Kd8 27. Rb4 Kc7 28. Re4 d5 29. Re3 Kb6 30. Kd3 Kc5 31. b4+ Kd6 32. a5 h6 33. f4 Rc7 34. f5 Rc4 35. Rg3 Rf4 36. Rxg7 Rxf5 37.
Rh7 h5 38. f4 Kc6 39. Ke3 Kb5 40. Rh8 Kc6 41. Rh6+ Kc7 42. h4 Kd7 43. Rb6 Kc7 44.
Rb5 Kc6 45. Rc5+ Kd6 46. c4 d4+ 47. Kxd4 Rxf4+ 48. Kc3 Rxh4 49. Rf5 Rh3+ 50. Kc2 Ke6 51. Rb5 Rh4 52. Kb3 Rh3+ 53. Ka4 Rh1 54. Rxb7 h4 55. Rb6+ Ke5 56. Rh6 h3 57. a6 h2 58. Kb5 f5 59.
a7 Ra1 60. Rxh2 Rxa7 61. c5 Kd4 62. Rh4+ Kd5 63. Rh6 f4 64. Rd6+ Ke5 65. Kc6 Ra6+ 66. Kc7 Rxd6 67. cxd6 f3 68. d7 f2 69. d8=Q f1=Q 70.
Qd6+ Ke4 71. Qc6+ Ke5 72. b5 Qf7+ 73. Qd7 Qc4+ 74. Kb7 Qe4+ 75. Qc6 Qb4 76. b6 Kf5 77. Qd7+ Kg6 78. Qe6+ Kh7 79. Kb8 Qf4+ 80. Kc8 Qc1+ 81. Kd7 Qd2+ 82. Qd6 Qb2 83. Kc8 Kg8 84. b7 Qc3+ 85.
Qc7 Qh3+ 86. Qd7 Qc3+ 87. Kb8 Qc5 88. Qc7 Qb5 89. Qc8+ Kf7 90. Qc7+ Ke8 91. Qd6 Qb3 92. Kc7 Qf7+ 93. Kb6 Qb3+ 94. Ka7 Qa4+ 95. Qa6 Qd4+ 96. Ka8 Qd5 97. Qa4+ Kd8 98. Ka7 Qc5+ 99. Ka6 Qd6+ 100. Ka7 Qc5+ 101. Ka8 Qd5 102. Qb4 Kc7 103. Qc3+ Kb6 104. Qb3+ Qxb3 105. b8=Q+ Ka6 106. Qxb3 1-0

[Event "*** SCC Grand Prix: Titled Tuesday Blitz"]
[Site "Chess.com"]
[Date "2020.06.09"]
[Round "6"]
[White "kran900"]
[Black "angryhorse9"]
[Result "1/2-1/2"]
[WhiteElo "2442"]
[BlackElo "2334"]
[TimeControl "180+1"]
[EndTime "10:10:29 PDT"]
[Termination "Game drawn by repetition"]

1. e4 c5 2. Nf3 Nc6 3. d4 cxd4 4. Nxd4 Nf6 5. Nc3 d6 6. Be3 Ng4 7. Bc1 Qb6 8. Bb5 e5 9. Nd5 Qxd4 10. Qxd4 exd4 11.
Nc7+ Kd8 12. Nxa8 Bd7 13. a4 Kc8 14. a5 Kb8 15. Nb6 axb6 16. axb6 Be7 17. O-O Bd8 18. Bf4 Nge5 19. Bg3 Bxb6 20. f4 Ng6 21. Bd3 Kc7 22.
Kh1 f6 23. c3 dxc3 24. bxc3 Bc5 25. Rab1 Ra8 26. Rb2 Ra3 27. Rfb1 b6 28. Rb3 Ra2 29. R3b2 Ra7 30. Re2 Ra3 31. Rc1 Bg4 32. Ree1 Bc8 33. Re2 Ba6 34. Bxa6 Rxa6 35. h4 h5 36. Bh2 Nxh4 37. e5 dxe5 38. fxe5 fxe5 39. Bxe5+ Nxe5 40. Rxe5 Ra2 41. Rxh5 Ng6 42. Rg5 Nf4 43. Rxg7+ Kc6 44. c4 Nd3 45. Rg6+ Kb7 46. Rf1 Nf2+ 47. Kh2 Ra8 48.
g3 Ra2 49. Kg2 Ka6 50. Kf3 Ka5 51. Rg8 Kb4 52. Rc8 Nd3 53. g4 Ra3 54. Ke4 Kxc4 55.
g5 Ra2 56. g6 Rg2 57. Rf6 Rg4+ 58. Kf3 Ne5+ 59. Ke2 Nxg6 60. Rxb6 Re4+ 61. Kf1 Nf4 62. Rbc6 Nd3 63. Rxc5+ Nxc5 64. Kg2 Kd4 65. Kf3 Re7 66. Rd8+ Nd7 67. Ra8 Rf7+ 68. Ke2 Ne5 69. Ra4+ Nc4 70. Ra8 Re7+ 71. Kf3 Nb6 72. Rd8+ Nd5 73. Ra8 Rf7+ 74. Ke2 Nc3+ 75. Kd2 Rf2+ 76. Ke1 Rh2 77. Kf1 Ke3 78.
Ra3 Kd3 79. Kg1 Rb2 80. Kf1 Kd4 81. Ra8 Ne4 82. Ra3 Nc5 83. Kg1 Ke4 84. Rc3 Nd3 85.
Rc8 Kf3 86. Rc3 Rd2 87. Kf1 Ke4 88. Kg1 Kf3 89. Ra3 Ke3 90. Rb3 Ke4 91. Ra3 Nf4 92. Rb3 Kf5 93. Ra3 Ke4 94. Kf1 Rb2 95. Rc3 Nd3 96.
Ra3 Ke3 97. Kg1 Re2 98. Rb3 Rd2 99. Ra3 Kf3 100. Rb3 Kg3 101. Kf1 Kf3 102. Kg1 Rd1+ 103. Kh2 Rd2+ 104. Kg1 1/2-1/2

[Event "*** SCC Grand Prix: Titled Tuesday Blitz"]
[Site "Chess.com"]
[Date "2020.06.09"]
[Round "6"]
[White "Treacherous_horse64"]
[Black "Munkhzul_Turmunkh"]
[Result "1-0"]
[WhiteElo "2456"]
[BlackElo "2588"]
[TimeControl "180+1"]
[EndTime "10:11:16 PDT"]
[Termination "Treacherous_horse64 won by checkmate"]

1. d4 Nf6 2. Nf3 e6 3. Nbd2 d5 4. e3 Bd6 5. c4 c6 6. b3 O-O 7. Bb2 b6 8. Bd3 Bb7 9. Qe2 c5 10. O-O Nc6 11. dxc5 bxc5 12. e4 Nh5 13. exd5 Nf4 14.
Bxh7+ Kxh7 15. Qe4+ f5 16. Qe3 exd5 17. cxd5 Nxd5 18.
Ng5+ Kg6 19. Qe6+ Nf6 20. Ndf3 Bc8 21. Qc4 Nd4 22. Rad1 Qc7 23. Bxd4 cxd4 24. Qxd4 Bf4 25. h4 Ne4 26. Nxe4 fxe4 27. Qxe4+ Bf5 28. Qd5 Rad8 29.
Qb5 Rxd1 30. Rxd1 Kh7 31. Ng5+ Bxg5 32. hxg5 Bg6 33. Qb4 Rd8 34. Qh4+ Kg8 35. Re1 Re8 36.
Rd1 Qc2 37. Qg4 Qe4 38. Qg3 Rf8 39. Rd7 Qb1+ 40. Kh2 Qf5 41. Qc7 Qf4+ 42. Qxf4 Rxf4 43. Rxa7 Rxf2 44. Ra5 Be4 45. Kg3 Rxg2+ 46. Kf4 Bb1 47.
a3 Rb2 48. b4 Kf7 49. Ra6 Rb3 50. Ra7+ Kg6 51. Ra6+ Kh5 52. Ra7 Kg6 53. Ra6+ Kh7 54. Ra7 Rb2 55. Ra6 Bd3 56. Ra5 Kg6 57. Kg4 Rg2+ 58.
Kf4 Rb2 59. Ra7 Bb1 60. Ra5 Kh7 61. Rc5 Rb3 62. Kg4 Rxa3 63. b5 Rb3 64. Re5 Bd3 65.
Kh5 Bxb5 66. g6+ Kg8 67. Rc5 Kf8 68. Rf5+ Ke8 69. Rf7 Rh3+ 70. Kg5 Bd7 71. Rxg7 Rg3+ 72. Kf6 Rf3+ 73. Ke5 Rg3 74. Rg8+ Ke7 75. Rg7+ Ke8 76.
Kf4 Rg4+ 77. Ke5 Rg1 78. Rg8+ Ke7 79. Rg7+ Kd8 80. Kf6 Rf1+ 81. Kg5 Rg1+ 82. Kh6 Rh1+ 83. Kg5 Rg1+ 84. Kf4 Be8 85. Ra7 Bxg6 86. Ke5 Ke8 87. Ke6 Bf7+ 88. Kf6 Rf1+ 89. Ke5 Bh5 90. Kd6 Rd1+ 91.
Ke6 Bg4+ 92. Kf6 Bd7 93. Ra8+ Bc8 94. Ra5 Kd7 95. Ra7+ Kc6 96. Ra8 Kb7 97. Ra3 Rf1+ 98. Ke5 Bd7 99. Rb3+ Kc7 100. Rc3+ Bc6 101. Kd4 Re1 102.
Re3 Rd1+ 103. Rd3 Rh1 104. Re3 Kd6 105. Rd3 Rh4+ 106. Kc3+ Kc5 107. Rg3 Bd5 108. Kd3 Ra4 109. Re3 Ra3+ 110. Ke2 Ra2+ 111. Kd3 Bc4+ 112. Ke4 Ra3 113. Rxa3 Kb4 114.
Ra1 Bb3 115. Re1 Bc4 116. Kd4 Bb3 117. Rb1 Ka3 118. Kc3 Be6 119. Rb6 Bd5 120. Ra6# 1-0

[Event "*** SCC Grand Prix: Titled Tuesday Blitz"]
[Site "Chess.com"]
[Date "2020.06.09"]
[Round "7"]
[White "Skatchkov_V"]
[Black "theblitzchamp"]
[Result "0-1"]
[WhiteElo "2545"]
[BlackElo "2698"]
[TimeControl "180+1"]
[EndTime "10:12:52 PDT"]
[Termination "theblitzchamp won by resignation"]

1. d4 Nf6 2. c4 g6 3. Nf3 Bg7 4. g3 O-O 5. Bg2 d6 6. O-O Nbd7 7. Nc3 e5 8. e4 exd4 9. Nxd4 Re8 10. Re1 a5 11. h3 Nc5 12. Qc2 Bd7 13. Be3 Qc8 14. Kh2 Re5 15. f3 Rh5 16. g4 Bxg4 17. fxg4 Nxg4+ 18.
Kg1 Nxe3 0-1

[Event "*** SCC Grand Prix: Titled Tuesday Blitz"]
[Site "Chess.com"]
[Date "2020.06.09"]
[Round "7"]
[White "GuuBol"]
[Black "j2806"]
[Result "1-0"]
[WhiteElo "2226"]
[BlackElo "2027"]
[TimeControl "180+1"]
[EndTime "10:13:52 PDT"]
[Termination "GuuBol won by resignation"]

1. e4 c5 2. d4 cxd4 3. c3 dxc3 4. Nxc3 Nc6 5. Nf3 d6 6. Bc4 e6 7. O-O Nf6 8. Qe2 a6 9. Rd1 Qc7 10. Bf4 Ne5 11. Nxe5 dxe5 12. Bg5 Be7 13. Rac1 Qb8 14. Bb3 O-O 15. Na4 b6 16. Be3 b5 17. Nb6 Ra7 18.
Nxc8 Rb7 19. Nxe7+ Rxe7 20. Bc5 1-0

[Event "*** SCC Grand Prix: Titled Tuesday Blitz"]
[Site "Chess.com"]
[Date "2020.06.09"]
[Round "7"]
[White "PavelChernomordik"]
[Black "marianokar"]
[Result "1-0"]
[WhiteElo "2283"]
[BlackElo "2377"]
[TimeControl "180+1"]
[EndTime "10:13:59 PDT"]
[Termination "PavelChernomordik won by resignation"]

1. e4 c5 2. Nc3 e6 3. f4 a6 4.
Nf3 b5 5. Qe2 Bb7 6. d3 Nf6 7.
g3 d5 8. e5 Nfd7 9. Bg2 g6 10.
O-O h5 11. Ng5 Be7 12. h4 Nc6 13. Qf2 Nd4 14. Nd1 Nf5 15. Ne3 Nxe3 16. Bxe3 Qc7 17. c4 bxc4 18. dxc4 d4 19. Bd2 Bxg2 20.
Qxg2 Bxg5 21. Qxa8+ Ke7 22. Qxh8 1-0

[Event "*** SCC Grand Prix: Titled Tuesday Blitz"]
[Site "Chess.com"]
[Date "2020.06.09"]
[Round "7"]
[White "andriipalchuk"]
[Black "LiverpooL174"]
[Result "0-1"]
[WhiteElo "2275"]
[BlackElo "2675"]
[TimeControl "180+1"]
[EndTime "10:14:10 PDT"]
[Termination "LiverpooL174 won by resignation"]

1. e4 c6 2. d4 d5 3. Nc3 dxe4 4. Nxe4 Bf5 5. Ng3 Bg6 6. h4 h6 7. Nf3 Nf6 8. h5 Bh7 9. Bd3 Bxd3 10. Qxd3 e6 11. Bd2 c5 12. O-O-O Nc6 13. Bc3 Qd5 14. dxc5 Qxd3 15. Rxd3 Bxc5 16. Bxf6 gxf6 17. Ne4 Be7 18. Rhd1 Rg8 19. g3 Rg4 20. Nd6+ Bxd6 21. Rxd6 Rd8 22. Rxd8+ Nxd8 23. c3 Nc6 24. Kd2 f5 25. Ke3 Re4+ 26. Kd3 Ke7 27. Re1 Ne5+ 0-1

[Event "*** SCC Grand Prix: Titled Tuesday Blitz"]
[Site "Chess.com"]
[Date "2020.06.09"]
[Round "7"]
[White "SantoBlue"]
[Black "DortmundCity"]
[Result "1-0"]
[WhiteElo "2789"]
[BlackElo "2599"]
[TimeControl "180+1"]
[EndTime "10:14:21 PDT"]
[Termination "SantoBlue won by resignation"]

1. e4 c5 2. Nf3 Nc6 3. d4 cxd4 4. Nxd4 Nf6 5. Nc3 d6 6. Bg5 e6 7. Bb5 Bd7 8. Qd3 a6 9. Bxc6 bxc6 10. O-O-O c5 11. Nf3 h6 12. Bh4 Qa5 13. e5 Nd5 14.
Nxd5 exd5 15. Qxd5 Rb8 16. exd6 1-0

[Event "*** SCC Grand Prix: Titled Tuesday Blitz"]
[Site "Chess.com"]
[Date "2020.06.09"]
[Round "7"]
[White "Boudicca64"]
[Black "AniJak"]
[Result "0-1"]
[WhiteElo "1827"]
[BlackElo "2242"]
[TimeControl "180+1"]
[EndTime "10:14:21 PDT"]
[Termination "AniJak won by resignation"]

1. e4 c6 2. d4 d5 3. e5 Bf5 4. Nf3 e6 5. Be2 c5 6. dxc5 Bxc5 7. a3 Ne7 8. b4 Bb6 9. O-O Nd7 10. Nbd2 Nc6 11. Bb2 Bc7 12. Bb5 O-O 13. Bxc6 bxc6 14. Re1 Bg4 15. c4 Qb8 16. h3 Bh5 17. g4 Bg6 18.
cxd5 cxd5 19. Nc4 Rd8 20. Na5 Bxa5 21. bxa5 Qxb2 0-1

[Event "*** SCC Grand Prix: Titled Tuesday Blitz"]
[Site "Chess.com"]
[Date "2020.06.09"]
[Round "7"]
[White "DivyaDeshmukh23"]
[Black "Ladislav1969"]
[Result "0-1"]
[WhiteElo "2444"]
[BlackElo "2333"]
[TimeControl "180+1"]
[EndTime "10:14:25 PDT"]
[Termination "Ladislav1969 won by resignation"]

1. e4 c5 2. Nf3 e6 3. d4 cxd4 4. Nxd4 Nf6 5. Bd3 Nc6 6. Be3 d5 7. Nd2 e5 8. Nxc6 bxc6 9. exd5 cxd5 10. O-O Be7 11. c3 O-O 12. Qe2 Ng4 13. f3 Nxe3 14. Qxe3 Bg5 15. Qf2 Qb6 16. Nb3 Be3 0-1

[Event "*** SCC Grand Prix: Titled Tuesday Blitz"]
[Site "Chess.com"]
[Date "2020.06.09"]
[Round "7"]
[White "evgchess5"]
[Black "Jungle_Jaguar"]
[Result "1-0"]
[WhiteElo "2804"]
[BlackElo "2609"]
[TimeControl "180+1"]
[EndTime "10:14:27 PDT"]
[Termination "evgchess5 won by resignation"]

1. e4 e5 2. Nf3 Nc6 3. Bc4 Bc5 4. O-O Nf6 5. d3 d6 6. c3 a6 7. Bb3 Ba7 8. Be3 h6 9. Nbd2 g5 10. Bxa7 Rxa7 11. Nc4 g4 12. Nfd2 Nh5 13. g3 Nf6 14. f4 gxf3 15. Qxf3 Bh3 16. Qxf6 Qxf6 17. Rxf6 Ke7 18.
Rf2 Be6 19. Ne3 1-0

[Event "*** SCC Grand Prix: Titled Tuesday Blitz"]
[Site "Chess.com"]
[Date "2020.06.09"]
[Round "7"]
[White "Tsyhanchuk_Stanislav"]
[Black "WeAintSurePal"]
[Result "1-0"]
[WhiteElo "2403"]
[BlackElo "2279"]
[TimeControl "180+1"]
[EndTime "10:14:32 PDT"]
[Termination "Tsyhanchuk_Stanislav won by resignation"]

1. e4 c5 2. Nf3 e6 3. d4 cxd4 4. Nxd4 a6 5. Bd3 Qc7 6. O-O Nf6 7. Qe2 d6 8. f4 Be7 9. Kh1 Nbd7 10. Nc3 O-O 11. Bd2 b5 12. Rae1 Bb7 13. e5 Nd5 14.
Qh5 g6 15. Qh3 dxe5 16. Nxe6 fxe6 17. Qxe6+ Rf7 18. Nxd5 Bxd5 19. Qxd5 Nb6 20. Qe6 Rf8 21. Ba5 1-0